 Dungeon Crawl Stone Soup version 0.29-a0-555-g3b24f45cc1 (webtiles) character file.

Game seed: 9750186110125664593

267 gruber the Firebug (level 6, 0/32 HPs)
             Began as a Deep Elf Fire Elementalist on June 7, 2022.
             Slain by an orc
             ... wielding a +0 hand axe
              (1 damage)
             ... on level 4 of the Dungeon.
             The game lasted 00:04:05 (4361 turns).

gruber the Firebug (Deep Elf Fire Elementalist)     Turns: 4361, Time: 00:04:06

Health: 0/32       AC:  2    Str:  5    XL:     6   Next: 0%
Magic:  4/15       EV: 12    Int: 22    God:
Gold:   126        SH:  0    Dex: 15    Spells: 12/15 levels left

rFire   . . .      SeeInvis .   h - +1 short sword (speed)
rCold   . . .      Faith    .   (no shield)
rNeg    . . .      Spirit   .   a - +0 robe
rPois   .          Reflect  .   (no helmet)
rElec   .          Harm     .   (no cloak)
rCorr   .          Rampage  .   (no gloves)
Will    .....                   (no boots)
Stlth   ++........              (no amulet)
HPRegen 0.10/turn               (no ring)
MPRegen 0.14/turn               (no ring)

@: no status effects
A: no striking features
a: no special abilities


You were on level 4 of the Dungeon.
You visited 1 branch of the dungeon, and saw 4 of its levels.

You collected 126 gold pieces.

Inventory:

Hand Weapons
 h - a +1 short sword of speed (weapon)
Armour
 a - a +0 robe (worn)
Jewellery
 m - an amulet of reflection
Scrolls
 c - 3 scrolls of teleportation {unknown}
 d - 4 scrolls of identify {unknown}
 e - a scroll of noise {unknown}
 g - 4 scrolls of blinking {unknown}
 i - a scroll of fog {unknown}
 j - a scroll of immolation {unknown}
 l - a scroll of poison {unknown}
Potions
 b - a potion of magic
 f - 2 potions of ambrosia {unknown}
 k - 2 potions of curing {unknown}
 n - a potion of brilliance {unknown}
 o - a potion of resistance {unknown}


   Skills:
 - Level 2.4 Dodging
 - Level 2.4 Stealth
 - Level 5.0 Spellcasting
 * Level 4.2 Conjurations
 - Level 5.0 Fire Magic


You had 12 spell levels left.
You knew the following spells:

 Your Spells              Type           Power      Damage    Failure   Level
a - Foxfire               Conj/Fire      100%       2x1d9     1%          1
b - Scorch                Fire           54%        2d8       1%          2

Your spell library contained the following spells:

 Spells                   Type           Power      Damage    Failure   Level
 Conjure Flame            Conj/Fire      25%        6-21      4%          3
 Inner Flame              Hex/Fire       16%        N/A       11%         3
 Flame Wave               Conj/Fire      25%        2d7       16%         4


Dungeon Overview and Level Annotations

Branches:
Dungeon (4/15)
 Temple: D:4-7

Altars:
Xom
Yredelemnul

Shops:
D:1 ((   D:3 *

Annotations:
D:4 1 transporter


Message History

Unknown command.
Casting: Scorch (safe; 1% risk of failure)
Confirm with . or Enter, or press ? or * to list all spells.
Flames lash the orc priest.
The orc priest is burned terribly!
The orc priest is severely wounded.
Unknown command.
Unknown command.
Casting: Scorch (safe; 1% risk of failure)
Confirm with . or Enter, or press ? or * to list all spells.
Flames lash the orc priest but do no damage.
The orc priest hits you with a +0 whip.
Unknown command.
Unknown command.
The orc priest looks satisfied for a moment.
Casting: Scorch (safe; 1% risk of failure)
Confirm with . or Enter, or press ? or * to list all spells.
Flames lash the orc.
The orc is heavily wounded.
The orc's fire resistance burns away.
The orc misses you. The orc priest hits you with a +0 whip.
* * * LOW HITPOINT WARNING * * *
Unknown command.
Casting: Scorch (safe; 1% risk of failure)
Confirm with . or Enter, or press ? or * to list all spells.
Flames lash the orc priest.
The orc priest is burned terribly!
You kill the orc priest!
The orc hits you with a +0 hand axe!
* * * LOW HITPOINT WARNING * * *
Your Conjurations skill increases to level 4!
You have reached level 6!
The orc attacks as you move away! The orc closely misses you.
The orc attacks as you move away! The orc misses you.
The orc is no longer more vulnerable to fire.
The orc attacks as you move away! The orc misses you.
You are too injured to fight recklessly!
You are too injured to fight recklessly!
Casting: Scorch (safe; 1% risk of failure)
Confirm with . or Enter, or press ? or * to list all spells.
You conjure some foxfire!
The orc hits you with a +0 hand axe.
You die...

##.## #......# #.# #.###..# #.#
#.# #......# #.. ##+## #####.##
#.# ##...## #.# #.## ##.....##
####.# #.. ##.......## ##.##.#
#.#
#.^.......####..v..####.####...
#....)....'.....@o.oo.o........
#.........####..v.#####)####...
##......<## ##.#.# #...
##.....## ###.# ##.... ##...##
#.# .#### #####†## #.# .#
#.....# #.# .# #####.#
#########.# .. ##.###......##.#


You could see an orc wizard and 3 orcs.

Vanquished Creatures
  A scorpion (D:4)
  A water moccasin zombie (D:3)
  An orc priest (D:4)
  4 adders
  An adder zombie (D:3)
  2 worms
  A dart slug (D:3)
  6 orcs (D:3)
  6 bats
  3 endoplasms
  7 goblins
  5 hobgoblins
  7 jackals
  9 kobolds
  3 quokkas
  7 ball pythons
  A frilled lizard (D:1)
  3 rats
68 creatures vanquished.

Vanquished Creatures (others)
  269 foxfires
269 creatures vanquished.

Grand Total: 337 creatures vanquished

Notes
Turn   | Place    | Note
-------+----------+-------------------------------------------
     0 | D:1      | gruber the Deep Elf Fire Elementalist began the quest for
                  | the Orb.
     0 | D:1      | Reached XP level 1. HP: 10/10 MP: 6/6
   178 | D:1      | Reached XP level 2. HP: 15/15 MP: 0/8
   571 | D:1      | Found Rypusiorgh's Weapon Boutique.
   721 | D:1      | Found Quaptegh's Weapon Shoppe.
  1461 | D:2      | Reached XP level 3. HP: 19/19 MP: 5/9
  1850 | D:2      | Reached skill level 5 in Fire Magic
  2304 | D:2      | Found a shimmering altar of Xom.
  2569 | D:3      | Learned a level 2 spell: Scorch
  2820 | D:3      | Reached XP level 4. HP: 24/24 MP: 7/11
  3331 | D:3      | Found Joaduhur's General Store.
  3621 | D:3      | Reached skill level 5 in Spellcasting
  3924 | D:3      | Reached XP level 5. HP: 11/28 MP: 6/14
  4112 | D:3      | Found a basalt altar of Yredelemnul.
  4173 | D:4      | Found a transporter.
  4354 | D:4      | HP: 1/28 [orc/+0 hand axe (7)]
  4355 | D:4      | Reached XP level 6. HP: 1/32 MP: 4/15
  4361 | D:4      | Slain by an orc

Illustrated notes

Levels and vault maps discovered:
D:1:      lightli_arrival_flooded_house, layout_rooms, serial_shops, shop,
          nicolae_shop_bloodbath_and_beyond
D:2:      layout_loops_corners, basic_altar
D:3:      layout_loops_ring, lemuel_zombie_altar_yredelemnul, serial_shops, shop
D:4:      gammafunk_steamed_eel, layout_loops_corners,
          minmay_temple_entry_poolview, minmay_misc_feat_x, grunt_ministairs_1,
          uniq_edmund, uniq_blork_the_orc

Skill      XL: |  1  2  3  4  5 |
---------------+----------------+-----
Fire Magic     | 4 5 |  5.0
Spellcasting   | 5 |  5.0
Conjurations   | 2 4 |  4.2
Dodging        | |  2.4
Stealth        | |  2.4

Action                   |  1- 3 |  4- 6 || total
-------------------------+-------+-------++-------
Melee: Short sword       |       |     4 ||     4
 Cast: Foxfire           |   106 |    67 ||   173
       Scorch            |     1 |    17 ||    18
Armor: Robe              |     7 |     2 ||     9
Dodge: Dodged            |    30 |    11 ||    41

Table legend: (Time is in decaauts)
 A = Elapsed time spent in this place.
 B = Non-inter-level travel time spent in this place.
 C = Inter-level travel time spent in this place.
 D = Time resting spent in this place.
 E = Time spent auto-exploring this place.
 F = Levels seen in this place.
 G = Mean time per level.
                   A        B        C        D        E       F      G
               +--------+--------+--------+--------+--------+-----+--------+
         Total |   4359 |   4295 |     64 |      0 |   3848 |   4 | 1089.8 |
       Dungeon |   4359 |   4295 |     64 |      0 |   3848 |   4 | 1089.8 |
               +--------+--------+--------+--------+--------+-----+--------+

Top non-repeatable levels by time:
     D:2: 1627 daAuts
     D:3: 1571 daAuts
     D:1: 931 daAuts
     D:4: 228 daAuts
